Map: Ever Dream LE

Players

HellraiseR - Winner!

  • Race: Protoss Protoss
  • League: Grandmaster
  • Spawn Location: 7:00

Van (Vanya)

  • Race: Zerg Zerg
  • League: Master
  • Spawn Location: 1:00

Event: DreamHack SC2 Masters 2020 Fall

VOD

Have the link to the VOD?

Description

Time

  • Played on: Sept. 5, 2020, 11:37 a.m.
  • Length: 11:51

All games in this series

Show
View Real Time Build Order
Export as new Build Order

HellraiseR Protoss - Winner!

Build Orders:  

Get SALT Encoding   

  12  0:00  Probe (Chrono Boost)  
  13  0:09  Probe (Chrono Boost)  
  14  0:14  Probe (Chrono Boost)  
  14  0:20  Pylon  
  15  0:38  Forge, Probe  
  16  0:52  Pylon  
  16  1:00  Probe  
  17  1:10  Gateway  
  17  1:11  Photon Cannon  
  17  1:14  Probe  
  18  1:21  Assimilator  
  18  1:26  Probe  
  19  1:35  Photon Cannon  
  19  1:39  Probe  
  20  1:49  Pylon  
  21  1:57  Cybernetics Core  
  20  2:01  Zealot (Chrono Boost)  
  20  2:07  Probe  
  23  2:18  Photon Cannon  
  23  2:29  Photon Cannon  
  23  2:36  Stalker (Chrono Boost)  
  23  2:54  Robotics Facility  
  23  2:55  Shield Battery  
  22  2:59  Stalker  
  24  3:07  Shield Battery  
  24  3:20  Shield Battery  
  24  3:27  Shield Battery  
  24  3:39  Pylon  
  24  3:41  Immortal (Chrono Boost)  
  28  3:55  Shield Battery  
  28  4:04  Stalker  
  30  4:11  Pylon  
  30  4:30  Shield Battery, Immortal (Chrono Boost)  
  34  4:43  Shield Battery  
  34  4:55  Shield Battery  
  34  5:02  Warp Prism (Chrono Boost)  
  36  5:07  Shield Battery  
  36  5:11  Stalker  
  36  5:33  Immortal (Chrono Boost)  
  39  5:48  Shield Battery  
  38  5:50  Pylon  
  38  6:02  Shield Battery  
  38  6:04  Pylon  
  38  6:35  Pylon  
  38  6:36  Immortal (Chrono Boost)  
  38  6:37  Shield Battery  
  38  6:41  Pylon  
  38  6:46  Pylon  
  38  7:07  Immortal (Chrono Boost)  
  42  7:23  Pylon  
  42  7:25  Probe  
  42  7:26  Assimilator  
  43  7:46  Immortal (Chrono Boost)  
  47  7:53  Probe  
  47  7:57  Nexus  
  48  8:17  Observer (Chrono Boost)  
  49  8:22  Shield Battery  
  49  8:34  Robotics Bay  
  49  8:37  Shield Battery  
  49  8:38  Pylon  
  53  8:41  Immortal (Chrono Boost)  
  53  8:52  Shield Battery  
  53  9:11  Probe  
  53  9:13  Probe  
  55  9:20  Disruptor (Chrono Boost)  
  55  9:23  Probe  
  59  9:26  Probe  
  60  9:35  Probe  
  61  9:38  Assimilator, Probe  
  62  9:47  Disruptor (Chrono Boost)  
  62  9:48  Probe  
  66  9:57  Probe  
  67  10:11  Probe  
  68  10:25  Probe x2  
  70  10:32  Assimilator  
  70  10:33  Pylon  
  70  10:34  Disruptor  
  70  10:35  Pylon  
  73  10:38  Gateway  
  73  10:40  Probe  
  74  10:44  Cybernetics Core  
  74  10:59  Probe  
  73  11:11  Probe  
  73  11:23  Probe  
  68  11:35  Probe  
Show
View Real Time Build Order
Export as new Build Order

Van Zerg 

Build Orders: Hatch First, Ravager All-In 

Get SALT Encoding   

  12  0:00  Drone  
  13  0:11  Overlord  
  13  0:16  Drone  
  14  0:30  Drone x2  
  16  0:47  Hatchery  
  15  0:51  Drone  
  15  0:54  Drone  
  17  0:57  Drone  
  18  1:08  Extractor  
  17  1:13  Spawning Pool  
  17  1:16  Drone  
  17  1:20  Drone  
  17  1:24  Extractor  
  17  1:28  Drone  
  18  1:39  Drone  
  19  1:49  Drone  
  20  2:00  Queen, Roach Warren  
  21  2:03  Zergling x2  
  21  2:04  Drone  
  23  2:11  Drone x2  
  25  2:20  Overlord  
  25  2:26  Zergling x2  
  25  2:40  Roach x2  
  26  2:52  Drone  
  26  2:53  Drone  
  26  2:57  Roach x2  
  32  3:01  Ravager x2  
  34  3:07  Overlord  
  34  3:18  Ravager x2, Overlord  
  36  3:26  Roach  
  36  3:27  Roach  
  40  3:36  Roach  
  40  3:40  Roach  
  44  3:46  Ravager  
  45  3:55  Ravager, Overlord  
  46  3:56  Queen  
  46  4:01  Ravager  
  49  4:10  Overlord  
  49  4:11  Queen  
  51  4:20  Ravager, Zergling x4  
  54  4:29  Roach  
  56  4:32  Roach  
  58  4:41  Roach x2  
  61  4:50  Ravager  
  58  4:53  Roach  
  58  4:59  Overlord  
  55  5:07  Queen, Ravager  
  55  5:11  Roach  
  48  5:35  Roach x5  
  56  5:41  Queen  
  55  5:48  Ravager  
  55  5:49  Overlord  
  53  6:00  Queen  
  53  6:01  Ravager  
  50  6:23  Roach x4  
  50  6:40  Roach x4  
  58  6:53  Ravager  
  58  6:54  Queen  
  56  6:58  Zergling x2  
  56  6:59  Zergling x4  
  61  7:05  Ravager  
  62  7:13  Zergling x6  
  53  7:25  Ravager  
  53  7:29  Queen  
  52  7:48  Roach x2  
  56  8:04  Roach  
  56  8:05  Queen, Roach x2  
  62  8:09  Ravager  
  63  8:14  Ravager  
  59  8:34  Ravager  
  59  8:35  Hatchery  
  59  8:41  Queen  
  58  8:45  Ravager  
  61  8:52  Ravager  
  60  9:10  Roach x2  
  60  9:16  Queen  
  62  9:27  Roach  
  62  9:28  Roach  
  66  9:35  Ravager  
  66  9:37  Ravager  
  68  9:42  Extractor  
  65  9:46  Roach  
  65  9:52  Queen  
  59  10:10  Ravager  
  60  10:15  Roach x3  
  60  10:17  Zergling x2  
  59  10:32  Roach x2  
  59  10:35  Ravager  
  64  10:36  Spine Crawler x2  
  62  10:48  Ravager  
  62  10:49  Overlord  
  63  11:02  Ravager  
  44  11:21  Roach x3  
  50  11:28  Roach  
  39  11:42  Ravager  

Tags
 
Add a new tag
Caveats
  • Supply blocks, unpowered buildings, or Contaminate may cause inaccurate times.
  • Supply counts are checked every 10 seconds.